 Dungeon Crawl Stone Soup version 0.29-a0-194-g6e3aafee17 (webtiles) character file.

Game seed: 2391293086302839834

58 jlumianski the Firebug (level 3, -1/24 HPs)
             Began as a Demonspawn Fire Elementalist on Feb 22, 2022.
             Was an Initiate of Qazlal.
             Killed from afar by an orc wizard (6 damage)
             ... with a puff of flame
             ... on level 3 of the Dungeon.
             The game lasted 00:12:17 (2432 turns).

jlumianski the Firebug (DsFE)                       Turns: 2432, Time: 00:12:17

Health: -1/24      AC:  5    Str: 10    XL:     3   Next: 76%
Magic:  6/6        EV: 11    Int: 18    God:    Qazlal [......]
Gold:   143        SH:  5    Dex: 13    Spells: 3/6 levels left

rFire   . . .      SeeInvis .   v - +0 war axe
rCold   . . .      Faith    .   (no shield)
rNeg    . . .      Spirit   .   h - +0 leather armour
rPois   .          Reflect  +   (no helmet)
rElec   .          Harm     .   u - +0 cloak
rCorr   .          Rampage  .   (no gloves)
Will    .....                   i - +0 pair of boots
Stlth   ++........              s - amulet of reflection
HPRegen 0.08/turn               (no ring)
MPRegen 0.10/turn               (no ring)

@: no status effects
A: big brain 1
a: Renounce Religion


You were on level 3 of the Dungeon.
You worshipped Qazlal.
Qazlal was noncommittal.
You visited 2 branches of the dungeon, and saw 5 of its levels.

You collected 143 gold pieces.

Inventory:

Hand Weapons
 d - a +3 whip
 f - a +0 short sword
 l - a +0 hand axe
 v - a +0 war axe (weapon)
Missiles
 b - 108 stones
Armour
 a - a +0 robe
 h - a +0 leather armour (worn)
 i - a +0 pair of boots (worn)
 t - the +5 scale mail of the Constellations {rC+}
   (You found it on level 3 of the Dungeon)

   rC:        It protects you from cold.
 u - a +0 cloak (worn)
Jewellery
 s - an amulet of reflection (around neck)
Wands
 x - a wand of acid (8)
Scrolls
 e - a scroll of vulnerability {unknown}
 m - a scroll of magic mapping {unknown}
 n - a scroll of amnesia {unknown}
 o - a scroll of identify {unknown}
 p - a scroll of enchant armour {unknown}
 q - a scroll of immolation {unknown}
 r - a scroll of teleportation {unknown}
Potions
 c - a potion of heal wounds {unknown}
 g - a potion of resistance {unknown}
 j - a potion of curing {unknown}
 k - a potion of mutation {unknown}
 w - a potion of flight {unknown}


   Skills:
 + Level 1.1 Short Blades
 + Level 0.2 Axes
 + Level 0.6 Armour
 + Level 2.0 Dodging
 + Level 2.0 Stealth
 + Level 2.4 Spellcasting
 + Level 1.0 Conjurations
 + Level 3.2 Fire Magic


You had 3 spell levels left.
You knew the following spells:

 Your Spells              Type           Power      Damage    Failure   Level
a - Foxfire               Conj/Fire      40%        2x1d6     10%         1
b - Scorch                Fire           26%        2d6       10%         2

Your spell library contained the following spells:

 Spells                   Type           Power      Damage    Failure   Level
 Static Discharge         Conj/Air       4%         N/A       28%         2
 Conjure Flame            Conj/Fire      10%        6-21      28%         3
 Inner Flame              Hex/Fire       8%         N/A       36%         3
 Summon Guardian Golem    Hex/Summ       2%         N/A       56%         3
 Flame Wave               Conj/Fire      10%        2d5       67%         4
 Sticky Flame             Conj/Fire      10%        2d3       67%         4
 Dispel Undead            Necr           2%         3d7       93%         4
 Orb of Destruction       Conj           3%         9d5       100%        7
 Spellforged Servitor     Conj/Summ      2%         N/A       100%        7


Dungeon Overview and Level Annotations

Branches:
Dungeon (4/15)             Temple (1/1) D:4

Altars:
Ashenzari
Cheibriados
Dithmenos
Elyvilon
Gozag
Hepliaklqana
Kikubaaqudgha
Makhleb
Nemelex Xobeh
Okawaru
Qazlal
Ru
Sif Muna
Trog
Uskayaw
Vehumet
Wu Jian
Xom
Yredelemnul
Zin
The Shining One

Shops:
D:2 =


Innate Abilities, Weirdness & Mutations

You have an unusually large brain. (Int +2)


Message History

The orc shouts!
The orc priest shouts!
Casting: Foxfire (safe; 10% risk of failure)
Confirm with . or Enter, or press ? or * to list all spells.
You conjure some foxfire!
The foxfire hits the orc but does no damage.
The foxfire hits the orc.
The orc is lightly wounded.
Casting: Foxfire (safe; 10% risk of failure)
Confirm with . or Enter, or press ? or * to list all spells.
You conjure some foxfire!
The foxfire hits the orc but does no damage.
The foxfire hits the orc.
The orc is lightly wounded.
The orc priest calls down the wrath of Beogh upon you.
Pain shoots through your body!
Ouch! That really hurt!
There is a stone staircase leading up here.
You climb upwards.
There is a stone staircase leading down here.
There is a stone staircase leading down here.
An orc wizard comes into view. It is wielding a +0 dagger.
The orc priest shouts!
The orc wizard gestures wildly while chanting.
The orc wizard flickers and vanishes!
Deactivating autopickup; reactivate with Ctrl-A.
You hear some strange, mumbled words.
A puff of flame appears from out of thin air!
The puff of flame hits you!
* * * LOW HITPOINT WARNING * * *
Okay, then.
Okay, then.
Really walk into that dispersal trap?
You enter a dispersal trap!
You blink.
Something enters a dispersal trap!
The orc priest blinks!
You blink.
An orc comes into view. It is wielding a +0 club.
Something tries to affect you, but you resist.
Found a book of Hexes.
A puff of flame appears from out of thin air!
The puff of flame hits you.
You die...

#.. #..## ##.#≈≈≈#..###...##.
#.:#≈≈≈#.........#.
##..#≈≈≈.≈.#........
...≈≈≈PP..#........
#...≈≈≈...........#
..≈≈≈≈....#)....##
#.≈≈≈P≈≈.###....#
#@.≈≈≈P......##.##
#..≈≈≈≈≈.###.<.... #.≈≈≈≈P≈.#
#.##.## #.≈≈≈≈PP.###....#
#{≈≈≈≈P.......#.##
#...≈≈≈≈..#...#..#
#..≈≈≈≈...#...##.# #
##..≈≈≈≈≈.##...##.# #
###########...≈≈≈P≈.##...##.#


There were no monsters in sight!

Vanquished Creatures
  2 adders
  A worm (D:3)
  An orc (D:3)
  5 endoplasms
  2 giant cockroaches (D:1)
  5 goblins
  2 hobgoblins
  A quokka (D:2)
  4 ball pythons (D:1)
  3 bats (D:1)
  4 frilled lizards (D:1)
  3 kobolds
  5 rats
38 creatures vanquished.

Vanquished Creatures (others)
  52 foxfires
52 creatures vanquished.

Grand Total: 90 creatures vanquished

Notes
Turn   | Place    | Note
-------+----------+-------------------------------------------
     0 | D:1      | jlumianski the Demonspawn Fire Elementalist began the quest
                  | for the Orb.
     0 | D:1      | Reached XP level 1. HP: 13/13 MP: 3/3
   318 | D:1      | Found a faded altar of an unknown god.
   346 | D:2      | Reached skill level 3 in Fire Magic
   357 | D:2      | Gained mutation: You have an unusually large brain. (Int
                  | +2) [demonic ancestry]
   357 | D:2      | Reached XP level 2. HP: 12/19 MP: 3/5
   409 | D:1      | Learned a level 2 spell: Scorch
  1495 | D:2      | Reached XP level 3. HP: 22/24 MP: 6/6
  1527 | D:2      | Found Kobrocw's Jewellery Shop.
  1596 | D:2      | Reached skill level 1 in Short Blades
  1795 | D:3      | Identified the +5 scale mail of the Constellations {rC+}
  2239 | D:4      | Found a staircase to the Ecumenical Temple.
  2258 | Temple   | Entered the Ecumenical Temple
  2317 | Temple   | Became a worshipper of Qazlal Stormbringer
  2432 | D:3      | Killed from afar by an orc wizard

Illustrated notes

Levels and vault maps discovered:
D:1:      dpeg_arrival_stone_temple_mockup, layout_loops_ring,
          basic_ecumenical_altar, minmay_curled_crystal
D:2:      layout_rooms, serial_shops, shop
D:3:      layout_loops_ring, chequers_big_river
D:4:      layout_basic, minmay_temple_entry_grid
Temple:   nicolae_temple_the_god_donut

Skill      XL: |  1  2  3 |
---------------+----------+-----
Fire Magic     | 3 |  3.2
Dodging        | 2 |  2.0
Stealth        | 2 |  2.0
Short Blades   | 1 |  1.1
Axes           | |  0.2
Armour         | |  0.6
Spellcasting   | |  2.4
Conjurations   | |  1.0

Action                   || total
-------------------------++-------
Melee: Unarmed           ||    13
       Short sword       ||    21
       Hand axe          ||    32
       War axe           ||     3
 Cast: Foxfire           ||    30
       Scorch            ||     7
  Use: Scroll            ||     1
 Stab: Sleeping          ||     3
Armor: Robe              ||     5
       Leather armour    ||    16
Dodge: Dodged            ||    40
Block: Other             ||     3

Table legend: (Time is in decaauts)
 A = Elapsed time spent in this place.
 B = Non-inter-level travel time spent in this place.
 C = Inter-level travel time spent in this place.
 D = Time resting spent in this place.
 E = Time spent auto-exploring this place.
 F = Levels seen in this place.
 G = Mean time per level.
                   A        B        C        D        E       F      G
               +--------+--------+--------+--------+--------+-----+--------+
         Total |   2448 |   2407 |     41 |    168 |   1363 |   5 |  489.6 |
       Dungeon |   2353 |   2312 |     41 |    168 |   1363 |   4 |  588.2 |
        Temple |     94 |     94 |      0 |      0 |      0 |   1 |   94.0 |
               +--------+--------+--------+--------+--------+-----+--------+

Top non-repeatable levels by time:
     D:1: 1259 daAuts
     D:2: 519 daAuts
     D:3: 510 daAuts
  Temple: 94 daAuts
     D:4: 63 daAuts
